 Dungeon Crawl Stone Soup version 0.17-a0-1485-g22cb0ee (webtiles) character file.

929 Fluffy the Covered (level 8, -1/51 HPs)
             Began as a Gargoyle Fighter on July 5, 2015.
             Slain by Menkaure (12 damage)
             ... on level 3 of the Dungeon.
             The game lasted 00:07:42 (3685 turns).

Fluffy the Covered (Gargoyle Fighter)               Turns: 3685, Time: 00:07:42

Health: -1/51      AC: 17    Str: 19    XL:     8   Next: 11%
Magic:  8/8        EV:  5    Int: 10    God:
Gold:   144        SH: 10    Dex: 11    Spells: 0 memorised, 7 levels left

rFire  . . .     SeeInvis .     a - +0 flail
rCold  . . .     Clarity  .     s - +0 chain mail
rNeg   + . .     SustAt   .     c - +0 shield
rPois  ∞         Gourm    .     (no helmet)
rElec  +         Spirit   .     (no cloak)
rCorr  .         Warding  .     (no gloves)
rMut   .         Stasis   .     j - +1 pair of boots
MR     .....                    (no amulet)
Stlth  ..........               (no ring)
                                (no ring)

@: not resistant to hostile enchantments, extremely unstealthy
A: negative energy resistance 1, electricity resistance, unbreathing,
petrification resistance, rot immunity, AC +5
a: no special abilities


You were on level 3 of the Dungeon.
You were not hungry.

You visited 1 branch of the dungeon, and saw 4 of its levels.

You collected 144 gold pieces.

Inventory:

Hand weapons
 a - a +0 flail (weapon)
Armour
 c - a +0 shield (worn)
 j - a +1 pair of boots (worn)
 s - a +0 chain mail (worn)
Magical devices
 i - a wand of enslavement (14)
 q - a wand of polymorph (10)
Scrolls
 g - 2 scrolls of enchant armour
 k - 2 scrolls of remove curse
Potions
 d - a potion of might
 f - a potion of flight
 h - 2 potions of curing
 n - a potion of agility
 r - a potion of poison {unknown}
Comestibles
 b - 3 chunks of flesh
 e - 3 bread rations
 m - a meat ration
 o - 3 fruits


   Skills:
 + Level 5.7 Fighting
 + Level 4.6 Maces & Flails
 + Level 6.0 Armour
 + Level 6.0 Shields


You had 7 spell levels left.
You didn't know any spells.

Dungeon Overview and Level Annotations

Branches:
Dungeon (4/15)
 Temple: D:4-7

Altars:
Ashenzari
Okawaru
The Shining One

Annotations:
D:3 Menkaure


Innate Abilities, Weirdness & Mutations

You are resistant to torment.
Your stone body is resilient (AC +5).
You are immune to poison.
You resist negative energy.
You are resistant to electric shocks.
You can survive without breathing.
You are immune to petrification.
You are immune to rotting.


Message History

Menkaure is heavily damaged.
Menkaure casts a spell at you. Pain shoots through your body!
You barely miss Menkaure.
Menkaure is heavily damaged.
You block Menkaure's attack. x2
You barely miss Menkaure.
Menkaure is heavily damaged.
Menkaure hits you but does no damage.
You sock Menkaure!
Menkaure is almost destroyed.
Menkaure hits you! You block Menkaure's attack.
You hit Menkaure but do no damage.
Menkaure is almost destroyed.
Menkaure hits you!
* * * LOW HITPOINT WARNING * * *
Your shield and chain mail prevent you from hitting Menkaure.
Menkaure is almost destroyed.
Menkaure hits you!
You die...

..........#
#.......#..#(......
.######.#.#
#.#########.#######
.# #.#.# #.# #)# .#
#.#.# #.# #.# ##
#.#.#####.# #.#
#....).##.# #.#
#..#.>....# #.#
##..)..############.#
##....).M@.........#
###################


You could see Menkaure.

Vanquished Creatures
  4 yaks
  An ogre (D:4)
  A hound (D:4)
  3 orc priests (D:4)
  An orc wizard (D:4)
  9 gnolls
  2 adders (D:4)
  5 worms
  3 giant geckos
  4 orcs
  11 bats
  A bat skeleton (D:4)
  4 goblins
  13 hobgoblins
  5 jackals
  2 quokkas (D:2)
  6 giant cockroaches
  5 giant newts
  8 kobolds
  6 rats
94 creatures vanquished.

Notes
Turn   | Place    | Note
--------------------------------------------------------------
     0 | D:1      | Fluffy the Gargoyle Fighter began the quest for the Orb.
     0 | D:1      | Reached XP level 1. HP: 14/14 MP: 1/1
   107 | D:1      | Reached XP level 2. HP: 19/19 MP: 2/2
   279 | D:1      | Reached XP level 3. HP: 21/23 MP: 3/3
   539 | D:2      | Found an iron altar of Okawaru.
   771 | D:2      | Reached skill level 4 in Shields
   771 | D:2      | Reached XP level 4. HP: 18/29 MP: 4/4
  1088 | D:2      | Found a glowing golden altar of the Shining One.
  1371 | D:3      | Found a shattered altar of Ashenzari.
  1454 | D:3      | Reached XP level 5. HP: 30/33 MP: 5/5
  1505 | D:3      | Found a faded altar to an unknown god.
  1940 | D:4      | Found an iron altar of Okawaru.
  2420 | D:4      | Reached XP level 6. HP: 9/39 MP: 6/6
  2746 | D:4      | Reached skill level 5 in Armour
  3139 | D:4      | Noticed an ogre
  3151 | D:4      | Killed an ogre
  3151 | D:4      | Reached skill level 5 in Shields
  3199 | D:4      | Noticed a yak
  3199 | D:4      | Noticed a yak
  3200 | D:4      | Noticed a yak
  3200 | D:4      | Noticed a yak
  3211 | D:4      | Noticed Menkaure
  3240 | D:4      | Killed a yak
  3240 | D:4      | Reached skill level 5 in Fighting
  3240 | D:4      | Reached XP level 7. HP: 24/44 MP: 7/7
  3250 | D:4      | Killed a yak
  3551 | D:3      | Killed a yak
  3677 | D:3      | Killed a yak
  3677 | D:3      | Reached skill level 6 in Armour
  3677 | D:3      | Reached XP level 8. HP: 14/51 MP: 8/8
  3685 | D:3      | Slain by Menkaure

Vault maps used:
D:1:      dpeg_arrival_shrine
D:2:      tso_oasis_becter, okawaru_gym_becter
D:3:      nicolae_overflow_crystal_walls, ecumenical_altar_1
D:4:      nicolae_overflow_hidden_temple, serial_curves, eino_curves_02,
          eino_curves_01, uniq_menkaure

Action                   |  1- 3 |  4- 6 |  7- 9 || total
-------------------------+-------+-------+-------++-------
Melee: Flail             |   122 |   252 |    49 ||   423
  Use: Scroll            |     5 |     5 |       ||    10
       Potion            |       |       |     1 ||     1
  Eat: Chunk             |       |     8 |     2 ||    10
